← All builds
Beach sea / Armada / Economy first / OBSERVED BUILD

Standard beach sea

Armada Beach sea build order · Supreme Isthmus

Economy-first sea play: shipyard right away, a destroyer by around 5 minutes, then an Advanced Metal Extractor as the eco scales up, with later ships like corvette, frigate and submarine filling out the fleet; this is the role's baseline…

Usually shipyard first (93%)

#naval #eco · 878 distinct matches · 148 players · 72% of Armada Beach sea games · team won 50% of 946 · Recently observed

HOW TO PLAY IT

Key timing: Shipyard by 1:40, first destroyer by 4:52

  1. Open 3 mex into tidal generators for early energy.
  2. Rush Shipyard straight from the opening eco.
  3. Keep adding mex and naval energy converters to fund the fleet.
  4. Get your first destroyer out to contest the sea.
  5. Transition into Advanced Metal Extractor as eco scales.

Phase by phase

TYPICAL OF ITS 878 GAMES · AGAINST STANDARD BEACH SEA
  1. 1
  2. 2
  3. 3
PLAY THE OPENING

Follow the example game's first 6:00 step by step: what to build now, what comes next, and where it goes. At 1× it keeps pace with your own game.

  1. 1

    Up to the Shipyard

    Economy
    • Metal Extractor3Mex
    • Wind Turbine2Windfor allies+2 vs standard
    • Wind Turbine1Wind−4 vs standard
    Order
    1. ShipyardShipyard after 3 mex, 1 winddone ~1:44, middle half 1:27–2:01

    Some games also: tidal (38%) · energy storage (35%)

    By 1:27 in all: 3 mex · 1 wind (standard 5)

    The example game in this phase · 5 steps
    1. Mex ×3
    2. Wind ×2for Air
    3. SentrySentryfor Air
    4. Windfor Air
    5. ShipyardShipyarddone 1:38 · typical 1:44
  2. 2

    Shipyard to 5:00

    Economy
    • Metal Extractor5Mex
    • Wind Turbine2Wind−3 vs standard
    • Tidal Generator2Tidal+2 vs standard
    Builders
    • Construction Ship2 Con ship +2 vs standard
    Army
    • Dolphin3 Dolphin +3 vs standard
    • Skater2 Skater +2 vs standard
    • Corsair1 Destroyer
    Other
    • Naval Radar / Sonar Tower1 Naval Radar / Sonar Tower

    Some games also: Harpoon (43%) · con turret (35%) · submarine (33%) · frigate (33%) · Sentry (32%)

    The standard build makes here, this one skips: 3 con hovercraft · 7 seeker

    By 5:00 in all: 8 mex · 4 wind (standard 10) · 3 tidal (standard 0)

    The example game in this phase · 18 steps
    1. SkaterSkater ×2
    2. Tidal ×2
    3. Construction ShipCon ship ×2
    4. Mex
    5. EelSubmarinedone 3:26
    6. Wind
    7. Mex
    8. Wind ×2
    9. Mex
    10. DolphinDolphin
    11. Con turret
    12. Mex
    13. Naval Radar / Sonar TowerNaval Radar / Sonar Tower
    14. DolphinDolphin
    15. Naval NettleNaval Nettle
    16. DolphinDolphin ×2
    17. Mex ×2
    18. DolphinDolphin
  3. 3

    5:00 to 10:00

    Economy
    • Metal Extractor1Mex−2 vs standard
    • Wind Turbine11Wind
    Builders
    • Naval Construction Turret1 Naval Construction Turret
    • Grim Reaper1 Grim Reaper
    Army
    • Sentry1 Sentry
    • Harpoon1 Harpoon
    • Dolphin3 Dolphin
    • Corsair2 Destroyer
    • Skater2 Skater
    Other
    • Naval Radar / Sonar Tower1 Naval Radar / Sonar Tower

    Some games also: con ship (48%) · frigate (46%) · Radar Tower (42%) · tidal (40%) · con turret (39%)

    By 10:00 in all: 10 mex · 16 wind (standard 23) · 4 tidal (standard 0) · 1 energy storage · 1 con turret · 1 Naval Construction Turret

    The example game in this phase · 75 steps
    1. Radar TowerRadar Tower
    2. DolphinDolphin
    3. Naval Radar / Sonar TowerNaval Radar / Sonar Tower
    4. Wind
    5. SentrySentry
    6. Wind
    7. DolphinDolphin
    8. SentrySentry
    9. Wind
    10. CorsairDestroyerdone 6:37 · typical 4:58
    11. Wind ×2
    12. SentrySentry
    13. Wind
    14. Naval Radar / Sonar TowerNaval Radar / Sonar Tower
    15. Solar
    16. Wind ×6
    17. Grim ReaperGrim Reaper
    18. Naval Radar / Sonar TowerNaval Radar / Sonar Tower
    19. Wind
    20. NettleNettle
    21. Wind ×2
    22. EllysawFrigate
    23. Wind ×2
    24. SentrySentry
    25. Naval Radar / Sonar TowerNaval Radar / Sonar Tower ×2
    26. Wind
    27. EllysawFrigate
    28. Advanced Metal ExtractorT2 mexdone 8:51 · typical 10:04
    29. Wind
    30. HarpoonHarpoon
    31. AnemoneAnemone
    32. Wind
    33. EllysawFrigate
    34. NettleNettle
    35. Wind ×2
    36. EllysawFrigate
    37. Wind
    38. Advanced Metal ExtractorT2 mex
    39. Wind
    40. EllysawFrigate
    41. Wind
    42. Naval NettleNaval Nettle
    43. Naval Construction Turret
    44. Wind ×4
    45. Naval Energy Converter
    46. Advanced Metal ExtractorT2 mex
    47. SkaterSkater
    48. Naval Energy Converter ×2
    49. SkaterSkater
    50. Wind
    51. Naval Energy Converter
    52. Naval Construction Turret
    53. SkaterSkater
    54. Wind
    55. Dragon's ClawDragon's Claw
    56. Wind ×2
    57. EllysawFrigate
    58. Wind
    59. EllysawFrigate
    60. Naval Energy Storage
    61. Wind
    62. EllysawFrigate
    63. Advanced Metal ExtractorT2 mex
    64. EllysawFrigate
    65. CorsairDestroyer
    66. Grim ReaperGrim Reaper
    67. SkaterSkater
    68. EllysawFrigate ×4
    69. CorsairDestroyer
    70. Grim ReaperGrim Reaper
    71. SkaterSkater
    72. Con turret
    73. Naval Construction Turret
    74. Fusion ReactorFusionnot finished by 15:00
    75. EllysawFrigate

Counts are medians over the build's games: half of them build more, half fewer. The example game is zimt's (31 OS, 27/08/2026); pick another.

Team trades

IN AT LEAST 30% OF ITS GAMES

You hand over

  • Wind Turbine3 Wind to Airfirst at 1:42 · in 79% of games

You get

  • Finch1 Finch from Airfirst at 1:58 · in 78% of games
  • Lazarus1 Lazarus from Geofirst at 2:12 · in 53% of games
  • Hephaestus1 Heavy transport from Airfirst at 2:16 · in 63% of games
  • Hercules1 Light transport from Airfirst at 2:19 · in 39% of games
  • Construction Bot1 Con bot from Geofirst at 2:26 · in 69% of games
  • Advanced Construction Bot1 T2 con bot from Techfirst at 8:11 · in 88% of games

How it plays out

Typical game of this build, running totals by minute

Metal produced

010k20k30k
0:005:0010:0015:00

metal

Enemy metal destroyed

02.5k5k7.5k
0:005:0010:0015:00

metal

Own metal lost

02.5k5k7.5k
0:005:0010:0015:00

metal

946 games.

Show as table
ByMetal produced: This buildEnemy metal destroyed: This buildOwn metal lost: This build
1:0040400
2:0093800
3:00158000
4:0025205151
5:003704241150
6:005098564355
7:0065861095686
8:00815116561138
9:00977424311809
10:001162233252565
11:001369242663335
12:001604950664101
13:001847858564936
14:002126365425892
15:002391973986663
WHAT THE NUMBERS SAY

This baseline wins less than half its games, trading sea kills for losses at a similar rate to the enemy through 15 minutes.

  • + Metal production outpaces enemy destruction early, 3733 vs 255 at 5:00.
  • + Kills and losses track closely by 15:00 (8342 vs 6711), an even fight.
  • − Team wins under half of games (47%).
  • − T2 factory reached in only 34% of games, the lowest tech rate among sea roles.
THE EXAMPLE YOU ARE READING

zimt

30.8 OS · 27/08/2026

Open source match ↗

6 received units · includes a constructor
866 metal received · 16791 energy received

Allied construction assistance is unknown. Timings are observations, not a promise of solo reproducibility.

Typical milestones

Shipyard1:44Middle 50%: 1:27–2:01 · n=942
Corsair4:58Middle 50%: 4:20–5:56 · n=893
Advanced Metal Extractor10:04Middle 50%: 9:13–10:56 · n=794

Played most by

yeskinkot68games of this buildHummell61games of this buildTheSituation47games of this buildBlover37games of this buildTheGeneraI36games of this build
Standard beach sea · Armada Beach sea build order · BAR Build Atlas